 Dungeon Crawl Stone Soup version 0.18.1-1-g2f07953 (webtiles) character file.

525 EveningNews the Basher (level 7, -1/41 HPs)
             Began as a Gargoyle Berserker on May 7, 2016.
             Was a Priest of Trog.
             Killed from afar by Dowan (16 damage)
             ... with a shard of ice
             ... on level 4 of the Dungeon.
             The game lasted 00:07:23 (3044 turns).

EveningNews the Basher (Gargoyle Berserker)         Turns: 3044, Time: 00:07:23

Health: -1/41      AC:  0    Str: 20    XL:     7   Next: 23%
Magic:  7/7        EV: 19    Int:  8    God:    Trog [***...]
Gold:   233        SH:  0    Dex: 16    Spells: 0 memorised, 6 levels left

rFire  . . .     SeeInvis .     (weapon currently unavailable)
rCold  . . .     Gourm    .     (armour currently unavailable)
rNeg   + . .     Faith    .     (shield currently unavailable)
rPois  ∞         Spirit   .     (helmet currently unavailable)
rElec  .         Dismiss  .     (cloak currently unavailable)
rCorr  .         Reflect  .     (gloves currently unavailable)
SustAt .         Harm     .     (boots currently unavailable)
MR     .....                    (no amulet)
Stlth  +.........               (ring currently unavailable)
                                (ring currently unavailable)

@: exhausted, bat-form, flying, slowed, quick, not resistant to hostile
enchantments, very unstealthy
A: negative energy resistance 1, (electricity resistance), (unbreathing),
petrification resistance, rot immunity, AC +4
a: Berserk, Trog's Hand, Burn Spellbooks, Renounce Religion


You were on level 4 of the Dungeon.
You worshipped Trog.
Trog was most pleased with you.
You were hungry.
You were in bat-form.
You visited 1 branch of the dungeon, and saw 4 of its levels.

You collected 233 gold pieces.

Inventory:

Hand Weapons
 a - a +0 mace (melded)
Missiles
 e - 31 bolts
 p - 25 arrows
Armour
 b - a +0 animal skin
 g - a +2 helmet (melded)
 i - a +0 pair of boots (melded)
 m - a +0 helmet
 n - a +1 pair of gloves (melded)
 w - a troll hide (melded)
 x - a +0 plate armour
Jewellery
 o - an uncursed ring of ice {unknown}
 y - a +4 ring of evasion {unknown}
Scrolls
 d - 2 scrolls of remove curse {unknown}
 h - 3 scrolls of identify {unknown}
 l - a scroll of immolation {unknown}
 q - 2 scrolls of noise {unknown}
 u - a scroll of teleportation {unknown}
 v - a scroll of recharging {unknown}
Potions
 j - 2 potions of degeneration {unknown}
 k - a potion of cancellation {unknown}
 r - 2 potions of curing {unknown}
 s - 2 potions of heal wounds {unknown}
 z - 2 potions of ambrosia {unknown}
Comestibles
 c - 2 bread rations
 f - a chunk of flesh
 t - 2 meat rations
 A - a beef jerky


   Skills:
 - Level 3.4 Fighting
 + Level 8.0 Maces & Flails
 - Level 2.2 Armour
 - Level 1.5 Dodging


You had 6 spell levels left.
You didn't know any spells.

Dungeon Overview and Level Annotations

Branches:
Dungeon (4/15)
 Temple: D:4-7

Altars:

Annotations:
D:4 Dowan


Innate Abilities, Weirdness & Mutations

You are resistant to torment.
((Your stone body is resilient (AC +4).))
You are immune to poison.
You resist negative energy.
((You are resistant to electric shocks.))
((You can survive without breathing.))
You are immune to petrification.
You are immune to rotting.


Message History

Really attack barehanded? [Y]es or [N]o only, please.
Really attack barehanded?
Okay, then.
Dowan shakes with grief.
Dowan zaps a wand.
Items here: ! ) [ † a vampiric short sword; a chain mail; a white potion; the elf corpse of Duvessa Dowan zaps a wand.
You resist with some effort.
Dowan mumbles some strange words.
Dowan blinks!
Dowan gestures at you while chanting. The shard of ice hits you!
Ouch! That really hurt!
Dowan points at you and mumbles some strange words.
The stone arrow misses you.
Dowan zaps a wand.
Dowan points at you and mumbles some strange words.
The shard of ice hits you!
You die...

#..# #..# ### .#####..# #..
........# #.# #.# #.# #####.#
########.# ##...#)#
#........#########......#
#.#####......b..e.......# #.#
#.#.##.#####......# ####.#
#.#.##.# ##...#.####
..##.#####.#.##.#######.#(.....
...........#.##................
..##.#######.##########.######.#
.............# #)# #
.....######### #.# .##.## #.#


You could see Dowan.

Vanquished Creatures
  Duvessa (D:4)
  An ogre (D:4)
  A wyvern skeleton (D:3)
  A centaur skeleton (D:4)
  An orc wizard (D:3)
  An iguana (D:4)
  2 worker ants (D:4)
  7 adders
  An ooze (D:4)
  A worm (D:3)
  A dart slug (D:2)
  4 giant geckos
  7 orcs
  6 bats
  2 giant cockroaches (D:2)
  9 goblins
  11 hobgoblins
  5 jackals
  4 kobolds
  2 giant newts
  11 rats
79 creatures vanquished.

Notes
Turn   | Place    | Note
--------------------------------------------------------------
     0 | D:1      | EveningNews the Gargoyle Berserker began the quest for the Orb.
     0 | D:1      | Reached XP level 1. HP: 14/14 MP: 1/1
   261 | D:1      | Reached XP level 2. HP: 8/19 MP: 2/2
  1054 | D:1      | Reached XP level 3. HP: 21/23 MP: 3/3
  1126 | D:2      | Reached skill level 4 in Maces & Flails
  1362 | D:2      | Reached ** piety under Trog
  1488 | D:2      | Reached XP level 4. HP: 28/28 MP: 4/4
  1884 | D:3      | Reached skill level 5 in Maces & Flails
  2062 | D:3      | Reached XP level 5. HP: 32/32 MP: 5/5
  2254 | D:3      | Reached skill level 6 in Maces & Flails
  2733 | D:4      | Reached XP level 6. HP: 32/37 MP: 6/6
  2918 | D:4      | Reached *** piety under Trog
  2918 | D:4      | Reached skill level 7 in Maces & Flails
  3013 | D:4      | Noticed Duvessa
  3028 | D:4      | Killed Duvessa
  3028 | D:4      | Reached skill level 8 in Maces & Flails
  3028 | D:4      | Reached XP level 7. HP: 41/41 MP: 7/7
  3030 | D:4      | Noticed Dowan
  3044 | D:4      | Killed from afar by Dowan

Skill      XL: |  1  2  3  4  5  6 |
---------------+-------------------+-----
Maces & Flails | 4 5 6 8 |  8.0
Fighting       | |  3.4
Armour         | |  2.2
Dodging        | |  1.5

Action                   |  1- 3 |  4- 6 |  7- 9 || total
-------------------------+-------+-------+-------++-------
Melee: Mace              |   139 |   180 |     1 ||   320
Invok: Berserk           |       |     5 |       ||     5
 Stab: Sleeping          |     2 |       |       ||     2
  Eat: Chunk             |     2 |     8 |       ||    10
       Pizza             |       |     1 |       ||     1
Armor: Animal skin       |    62 |    25 |       ||    87
       Troll hide        |       |    48 |     1 ||    49
Dodge: Dodged            |   103 |    95 |     1 ||   199
